 Dungeon Crawl Stone Soup version 0.29-a0-845-g6161e89988 (webtiles) character file.

Game seed: 6024366084397511467

3399 Mesmaeker13 the Shooter (level 10, -1/144 HPs)
             Began as a Naga Hunter on July 15, 2022.
             Was an Initiate of Cheibriados.
             Slain by a vampire (6 damage)
             ... on level 7 of the Dungeon.
             The game lasted 00:14:57 (6026 turns).

Mesmaeker13 the Shooter (Naga Hunter)               Turns: 6026, Time: 00:14:57

Health: -1/144     AC:  9    Str: 15    XL:     10   Next: 4%
Magic:  10/10      EV: 13    Int: 12    God:    Cheibriados [......]
Gold:   226        SH:  0    Dex: 18    Spells: 6/9 levels left

rFire   . . .      SeeInvis +   B - +4 dagger of Pailacuo {freeze, rElec rN+}
rCold   . . .      Faith    .   (no shield)
rNeg    + . .      Spirit   .   c - +0 leather armour
rPois   +          Reflect  .   g - +0 helmet
rElec   +          Harm     .   (no cloak)
rCorr   .          Rampage  .   (no gloves)
Will    +....                   (no barding)
Stlth   ..........              l - amulet of regeneration
HPRegen 1.14/turn               f - ring of wizardry
MPRegen 0.12/turn               h - +4 ring of protection

@: berserking (expiring), very slow
A: AC +3, large, see invisible, deformed body, poison resistance, slowness 2,
spit poison 1, naga tail 1
a: Spit Poison, Renounce Religion


You were on level 7 of the Dungeon.
You worshipped Cheibriados.
Cheibriados was noncommittal.
You visited 2 branches of the dungeon, and saw 8 of its levels.
You also visited: Sewer.

You collected 226 gold pieces.

Inventory:

Hand Weapons
 a - a +3 shortbow
 B - the +4 dagger of Pailacuo (weapon) {freeze, rElec rN+}
   (You found it on level 5 of the Dungeon)

   It freezes those it strikes, dealing additional cold damage.
   It can also slow down cold-blooded creatures.
   rElec:     It insulates you from electricity.
   rN:        It protects you from negative energy.
Missiles
 e - 13 poisoned darts
Armour
 c - a +0 leather armour (worn)
 g - a +0 helmet (worn)
Jewellery
 d - a ring of flight
 f - a ring of wizardry (left hand)
 h - a +4 ring of protection (right hand)
 i - a ring of ice
 l - an amulet of regeneration (around neck)
Wands
 p - a wand of flame (4)
 t - a wand of digging (8)
Scrolls
 b - 2 scrolls of immolation
 j - 2 scrolls of magic mapping
 n - a scroll of noise {unknown}
 o - a scroll of amnesia
 q - a scroll of poison {unknown}
 u - 3 scrolls of teleportation
 x - a scroll of vulnerability {unknown}
 y - a scroll of summoning
 D - a scroll of torment {unknown}
Potions
 k - a potion of brilliance {unknown}
 m - a potion of berserk rage
 r - 5 potions of attraction
 s - 3 potions of cancellation
 w - a potion of haste {unknown}
 z - 2 potions of might {unknown}
 A - a potion of curing
 C - a potion of ambrosia {unknown}
 E - a potion of flight {unknown}


   Skills:
 + Level 7.7 Fighting
 + Level 7.8 Ranged Weapons
 + Level 6.4 Dodging
 - Level 7.0 Stealth
 + Level 1.9 Translocations


You had 6 spell levels left.
You knew the following spells:

 Your Spells              Type           Power      Damage    Failure   Level
a - Teleport Other        Tloc           4%         N/A       22%         3

Your spell library contained the following spells:

 Spells                   Type           Power      Damage    Failure   Level
 Gell's Gravitas          Tloc           4%         N/A       22%         3
 Dispersal                Tloc           2%         N/A       100%        6


Dungeon Overview and Level Annotations

Branches:
Dungeon (7/15)             Temple (1/1) D:6           Sewer (visited)

Altars:
Ashenzari
Cheibriados
Dithmenos
Elyvilon
Fedhas
Hepliaklqana
Kikubaaqudgha
Makhleb
Nemelex Xobeh
Okawaru
Ru
Trog
Uskayaw
Vehumet
Wu Jian
Xom
Yredelemnul
Zin
The Shining One

Shops:
D:3 (

Annotations:
D:3 2 exclusions
D:6 1 runed translucent door, Crazy Yiuf


Innate Abilities, Weirdness & Mutations

Your serpentine skin is tough. (AC +3)
You have supernaturally acute eyesight. (SInv)
Armour fits poorly on your strangely shaped body.
Your system is resistant to poisons. (rPois)
You cover ground very slowly.
You can spit poison.
You have a snake-like lower body.


Message History

* * * LOW HITPOINT WARNING * * *
The steam dragon breathes steam at you. The ball of steam misses you.
You hear a shout!
You hear a croak.
You hit the steam dragon. You freeze the steam dragon.
The steam dragon is heavily wounded.
You are engulfed in a cloud of scalding steam.
* * * LOW HITPOINT WARNING * * *
The steam dragon breathes steam at you. The ball of steam hits you!!
* * * LOW HITPOINT WARNING * * *
The vampire is engulfed in a cloud of scalding steam.
The vampire gestures wildly while chanting.
The vampire flickers and vanishes for a moment.
You barely miss the steam dragon.
The steam dragon is heavily wounded.
You are engulfed in a cloud of scalding steam.
* * * LOW HITPOINT WARNING * * *
The steam dragon bites you.
* * * LOW HITPOINT WARNING * * *
The steam dragon claws you but does no damage.
The vampire closely misses you.
The vampire bites you but does no damage.
You puncture the steam dragon! You freeze the steam dragon.
You kill the steam dragon!
Cheibriados appreciates the change of pace.
The vampire hits you but does no damage.
The vampire bites you but does no damage.
The vampire barely misses you.
The vampire bites you but does no damage.
You see here a steam dragon corpse.
The vampire attacks as you move away! The vampire misses you.
The vampire bites you.
* * * LOW HITPOINT WARNING * * *
The vampire draws strength from your injuries!
You feel a strong urge to attack something.
The vampire hits you.
* * * LOW HITPOINT WARNING * * *
The vampire bites you.
You die...

##.).............
##....§......#..
##..........#..>.
#................
##................
#.....##..........
###..†............
##..##V...(.....
#####...)@).#.##...
#...#...#####...
###.......## ...
#.......)..# ...
##.......#..... ..
#................ #
##...............
##.#............
#[..............


You could see a vampire (invisible).

Vanquished Creatures
  Pikel (D:6)
  Grinder (D:3)
  Eustachio (D:6)
  A steam dragon (D:7)
  Menkaure (D:4)
  2 water moccasins
  2 centaurs
  5 ogres
  2 lemures (D:6)
  2 kobold brigands
  3 necrophages
  3 scorpions (D:6)
  A bullfrog (D:6)
  2 howler monkeys
  3 crimson imps (D:3)
  4 orc priests
  3 hounds (D:5)
  A gnoll bouda (D:4)
  4 jellies
  2 iguanas (D:6)
  An orc wizard (D:7)
  9 gnolls
  17 adders
  A river rat (Sewer)
  2 shadow imps
  An ufetubus (D:2)
  7 worms
  A dart slug (D:1)
  14 orcs
  13 ball pythons
  9 bats
  12 endoplasms
  5 giant cockroaches
  7 goblins
  14 hobgoblins
  16 jackals
  6 quokkas
  2 frilled lizards
  15 kobolds
  8 rats
204 creatures vanquished.

Notes
Turn   | Place    | Note
-------+----------+-------------------------------------------
     0 | D:1      | Mesmaeker13 the Naga Hunter began the quest for the Orb.
     0 | D:1      | Reached XP level 1. HP: 19/19 MP: 1/1
    30 | D:1      | Noticed a shining eye
    35 | D:1      | Found a faded altar of an unknown god.
    38 | D:1      | Noticed a floating eye
    44 | D:1      | Noticed a shining eye
    58 | D:1      | Noticed a shining eye
    88 | D:1      | Reached XP level 2. HP: 26/26 MP: 2/2
   360 | D:1      | Reached XP level 3. HP: 32/33 MP: 3/3
  1391 | D:3      | Reached XP level 4. HP: 39/40 MP: 4/4
  1554 | D:3      | Noticed Grinder
  1558 | D:3      | Paralysed by Grinder for 4 turns
  1565 | D:3      | Killed Grinder
  1566 | D:3      | Reached XP level 5. HP: 49/49 MP: 5/5
  1566 | D:3      | Reached XP level 6. HP: 56/56 MP: 6/6
  1803 | D:3      | Reached skill level 5 in Stealth
  1803 | D:3      | Found a burning altar of Makhleb.
  1826 | D:3      | Found a sacrificial altar of Ru.
  1829 | D:3      | Found a broken altar of Ashenzari.
  1832 | D:3      | Found a basalt altar of Yredelemnul.
  1881 | D:3      | Found Far Fabawy's Antique Weapon Shoppe.
  1927 | D:3      | Found a shimmering altar of Xom.
  2306 | D:4      | Noticed Menkaure
  2316 | D:4      | Killed Menkaure
  2317 | D:4      | Reached skill level 5 in Ranged Weapons
  2317 | D:4      | Reached XP level 7. HP: 12/64 MP: 7/7
  2522 | D:4      | Found a glowing drain.
  2536 | Sewer    | Entered a sewer
  3443 | D:4      | Reached XP level 8. HP: 73/73 MP: 8/8
  3768 | D:5      | Entered Level 5 of the Dungeon
  3819 | D:5      | Reached skill level 5 in Fighting
  4086 | D:5      | Identified the +4 dagger of Pailacuo {freeze, rElec rN+}
  4620 | D:6      | Reached skill level 5 in Dodging
  4634 | D:6      | Reached XP level 9. HP: 82/82 MP: 9/9
  4651 | D:6      | Noticed Eustachio
  4809 | D:6      | Killed Eustachio
  4893 | D:6      | Found a runed translucent door.
  4894 | D:6      | Noticed Crazy Yiuf
  5326 | D:6      | Found a staircase to the Ecumenical Temple.
  5334 | Temple   | Entered the Ecumenical Temple
  5444 | Temple   | Became a worshipper of Cheibriados the Contemplative
  5562 | D:6      | Noticed Pikel
  5589 | D:6      | Killed Pikel
  5887 | D:7      | Found a sparkling altar of Nemelex Xobeh.
  5933 | D:7      | Learned a level 3 spell: Teleport Other
  5997 | D:7      | Reached skill level 1 in Translocations
  6012 | D:7      | Reached XP level 10. HP: 63/96 MP: 10/10
  6026 | D:7      | HP: 7/144 [vampire (4)]
  6026 | D:7      | Slain by a vampire

Illustrated notes

Levels and vault maps discovered:
D:1:      dpeg_arrival_tiny_f, layout_basic,
          hellmonk_ecumenical_altar_watching_god
D:2:      layout_basic
D:3:      layout_basic, grunt_temple_overflow_cloverleaf, led_xom_imps,
          serial_shops, shop, uniq_grinder
D:4:      layout_loops_ring, gup_sewer_entry_bubbles, uniq_menkaure
D:5:      layout_loops_ring, grunt_decor_arrowhead, cheibrodos_gnoll_hut
D:6:      layout_basic, minmay_temple_entry_hall, uniq_eustachio,
          uniq_crazy_yiuf_cottage, uniq_pikel
D:7:      minmay_chambers_of_fours, layout_cave_pools,
          nemelex_xobeh_ov_fountains_minmay, minmay_ruined_shrine
Temple:   regret_index_temple_generic_petals

Skill      XL: |  1  2  3  4  5  6  7  8  9 |
---------------+----------------------------+-----
Stealth        | 2 3 4 6 7 |  7.0
Dodging        | 2 3 5 6 |  6.4
Ranged Weapons | 4 5 6 7 |  7.8
Fighting       | 3 4 6 7 |  7.7
Translocations | 1 |  1.9

Action                   |  1- 3 |  4- 6 |  7- 9 | 10-12 || total
-------------------------+-------+-------+-------+-------++-------
Melee: Unarmed           |       |     3 |       |       ||     3
       Dagger            |       |       |    61 |     5 ||    66
       Punch             |       |       |     1 |       ||     1
 Fire: Shortbow          |    85 |   118 |   462 |       ||   665
Throw: Dart              |       |       |     2 |       ||     2
 Abil: Spit Poison       |     1 |     1 |    10 |       ||    12
Evoke: Wand              |       |    12 |     8 |       ||    20
  Use: Scroll            |       |     5 |     7 |     1 ||    13
       Potion            |       |       |       |     2 ||     2
Armor: Leather armour    |     4 |    21 |   111 |    12 ||   148
       Skin              |       |     3 |       |       ||     3
Dodge: Dodged            |    13 |    47 |   195 |     8 ||   263

Table legend: (Time is in decaauts)
 A = Elapsed time spent in this place.
 B = Non-inter-level travel time spent in this place.
 C = Inter-level travel time spent in this place.
 D = Time resting spent in this place.
 E = Time spent auto-exploring this place.
 F = Levels seen in this place.
 G = Mean time per level.
                   A        B        C        D        E       F      G
               +--------+--------+--------+--------+--------+-----+--------+
         Total |   8104 |   7683 |    421 |    598 |   5199 |   9 |  900.4 |
       Dungeon |   7128 |   6784 |    344 |    598 |   4554 |   7 | 1018.3 |
        Temple |    242 |    166 |     76 |      0 |    124 |   1 |  242.0 |
         Sewer |    733 |    733 |      0 |      0 |    520 |   1 |  733.0 |
               +--------+--------+--------+--------+--------+-----+--------+

Top non-repeatable levels by time:
     D:6: 1554 daAuts
     D:4: 1320 daAuts
     D:3: 1176 daAuts
     D:1: 1039 daAuts
     D:5: 1013 daAuts
     D:2: 830 daAuts
   Sewer: 733 daAuts
  Temple: 242 daAuts
     D:7: 193 daAuts
